 Dungeon Crawl Stone Soup version 0.28.0-45-g0d030f2227 (webtiles) character file.

Game seed: 1280442891896368381

65 Peloso the Covered (level 3, -6/33 HPs)
             Began as a Minotaur Fighter on Apr 2, 2022.
             Killed by divine providence
             ... invoked by an orc priest
              (12 damage)
             ... on level 2 of the Dungeon.
             The game lasted 00:01:26 (1093 turns).

Peloso the Covered (Minotaur Fighter)               Turns: 1093, Time: 00:01:27

Health: -6/33      AC:  7    Str: 20    XL:     3   Next: 92%
Magic:  2/2        EV:  9    Int:  5    God:
Gold:   54         SH:  0    Dex: 11    Spells: 2/2 levels left

rFire   . . .      SeeInvis .   a - +0 long sword
rCold   . . .      Faith    .   c - +0 buckler
rNeg    . . .      Spirit   .   b - +0 scale mail
rPois   .          Reflect  .   (helmet restricted)
rElec   .          Harm     .   (no cloak)
rCorr   .          Rampage  .   (no gloves)
Will    .....                   (no boots)
Stlth   ..........              (no amulet)
HPRegen 0.11/turn               (no ring)
MPRegen 0.08/turn               (no ring)

@: confused
A: horns 2, retaliatory headbutt
a: no special abilities


You were on level 2 of the Dungeon.
You visited 1 branch of the dungeon, and saw 3 of its levels.

You collected 54 gold pieces.

Inventory:

Hand Weapons
 a - a +0 long sword (weapon)
Armour
 b - a +0 scale mail (worn)
 c - a +0 buckler (worn)
Jewellery
 f - an amulet of reflection
Scrolls
 e - a scroll of identify {unknown}
 h - a scroll of silence {unknown}
 j - a scroll of fear {unknown}
Potions
 d - a potion of might


   Skills:
 + Level 4.2 Fighting
 + Level 3.0 Long Blades
 + Level 4.4 Armour
 + Level 0.2 Dodging
 + Level 4.4 Shields


You had 2 spell levels left.
You didn't know any spells.
Your spell library contained the following spells:

 Spells                   Type           Power      Damage    Failure   Level
 Apportation              Tloc           0%         N/A       88%         1
 Alistair's Intoxication  Tmut/Pois      0%         N/A       100%        5


Dungeon Overview and Level Annotations

Branches:
Dungeon (3/15)

Altars:


Innate Abilities, Weirdness & Mutations

You have a pair of horns on your head.
You reflexively headbutt those who attack you in melee.


Message History

You are confused.
The orc wizard hits you but does no damage.
You're too confused to move!
Unknown command.
You're too confused to move!
The orc barely misses you. The orc hits you but does no damage.
Unknown command.
You miss the orc.
The orc priest hits you with a +0 dagger.
The orc wizard hits you but does no damage.
The orc hits you with a +0 club. The orc hits you with a +0 dagger.
Unknown command.
The orc hits you but does no damage.
The orc priest looks braver for a moment.
Unknown command.
You closely miss the orc.
You feel less confused.
The orc hits you with a +2 mace of venom!
The orc wizard barely misses you. You block the orc's attack.
The orc wizard casts a spell.
The orc wizard flickers and vanishes!
Deactivating autopickup; reactivate with Ctrl-A.
The orc wizard hits you but does no damage.
The orc priest calls down the wrath of Beogh upon you.
Beogh smites you!
* * * LOW HITPOINT WARNING * * *
Unknown command.
The orc priest looks braver for a moment.
Unknown command.
The orc wizard gestures at you while chanting.
You are confused.
Unknown command.
You bump into the rock wall.
The orc wizard closely misses you.
You bump into the rock wall.
The orc barely misses you.
You bump into the rock wall.
The orc closely misses you.
The orc wizard hits you with a +0 dagger.
* * * LOW HITPOINT WARNING * * *
The orc priest calls down the wrath of Beogh upon you.
Beogh smites you!
You die...

.....#.....##.#
#...##
###.......###..#
#### #........###...
#........#######
#............#
#............#######
#.......###........#
#.......# #...####.
#######.. ###.@o###
##. ####oo.####.. .
#..o.o.......
#............
.....#.......#..
.....#.#...#.# ....
#.......# ...
#.......# ...
#.......#


You could see an orc priest, an orc wizard and 2 orcs.

Vanquished Creatures
  4 gnolls
  A worm (D:3)
  2 bats
  2 endoplasms
  A giant cockroach (D:2)
  2 goblins (D:1)
  2 hobgoblins (D:1)
  4 kobolds
  A quokka (D:2)
  2 ball pythons (D:1)
  3 frilled lizards (D:1)
  A rat (D:1)
25 creatures vanquished.

Notes
Turn   | Place    | Note
-------+----------+-------------------------------------------
     0 | D:1      | Peloso the Minotaur Fighter began the quest for the Orb.
     0 | D:1      | Reached XP level 1. HP: 19/19 MP: 0/0
   152 | D:1      | Reached XP level 2. HP: 27/27 MP: 1/1
   658 | D:3      | Reached XP level 3. HP: 28/33 MP: 2/2
  1093 | D:2      | Killed from afar by an orc priest

Illustrated notes

Levels and vault maps discovered:
D:1:      saegor_arrival_miasma, layout_rooms
D:2:      cheibrodos_pilgrimage, layout_rooms, serial_shops,
          nicolae_shop_behind_doors, kennysheep_generic_room_8
D:3:      layout_basic, trog_hazing_becter, serial_shops,
          nicolae_shop_advertising_works [nicolae_subvault_shop_adworks],
          ebering_ecumenical_altar_rust

Skill      XL: |  1  2  3 |
---------------+----------+-----
Shields        | 4 |  4.4
Armour         | 4 |  4.4
Fighting       | 4 |  4.2
Long Blades    | 3 |  3.0
Dodging        | |  0.2

Action                   || total
-------------------------++-------
Melee: Long sword        ||    65
       Headbutt          ||     7
  Use: Potion            ||     2
Armor: Scale mail        ||    43
Dodge: Dodged            ||    38
Block: Buckler           ||    15
